 Seeded DCSS version 0.29.1-15-g9cfb28693d (webtiles) character file.

Game seed: 14418131082058320924 (custom seed)

119 booth the Chopper (level 4, -3/34 HPs)
             Began as a Demonspawn Gladiator on Feb 27, 2023.
             Was a Plaything of Xom.
             Splashed by a jelly's acid (8 damage)
             ... on level 4 of the Dungeon.
             The game lasted 00:10:35 (1823 turns).

booth the Chopper (Demonspawn Gladiator)            Turns: 1823, Time: 00:10:36

Health: -3/34      AC: -2    Str: 16    XL:     4   Next: 73%
Magic:  4/4        EV: 12    Int:  9    God:    Xom [*.....]
Gold:   131        SH:  0    Dex: 15    Spells: 3/3 levels left

rFire   . . .      SeeInvis .   a - +0 war axe
rCold   . . .      Faith    .   (no shield)
rNeg    . . .      Spirit   .   b - +0 leather armour
rPois   .          Reflect  .   c - +0 helmet
rElec   .          Harm     .   (no cloak)
rCorr   .          Rampage  .   (no gloves)
Will    .....                   (no boots)
Stlth   +.........              (no amulet)
HPRegen 0.11/turn               (no ring)
MPRegen 0.09/turn               (no ring)

@: corroded
A: sharp scales 1, weakness stinger 2
a: Renounce Religion


You were on level 4 of the Dungeon.
You worshipped Xom.
You were a special plaything of Xom.
You visited 1 branch of the dungeon, and saw 3 of its levels.

You collected 170 gold pieces.
You spent 39 gold pieces at shops.

Inventory:

Hand Weapons
 a - a +0 war axe (weapon)
Missiles
 d - 3 throwing nets (quivered)
 e - a javelin
Armour
 b - a +0 leather armour (worn)
 c - a +0 helmet (worn)
Scrolls
 f - a scroll of butterflies {unknown}
 g - a scroll of torment {unknown}
 i - a scroll of noise {unknown}
 l - 3 scrolls of immolation {unknown}
 m - a scroll of magic mapping {unknown}
 n - a scroll of amnesia {unknown}
Potions
 h - a potion of curing
 j - a potion of magic {unknown}
 k - a potion of resistance {unknown}


   Skills:
 + Level 2.4 Fighting
 + Level 4.3 Axes
 + Level 2.0 Throwing
 + Level 0.6 Armour
 + Level 3.0 Dodging
 + Level 0.1 Stealth


You had 3 spell levels left.
You didn't know any spells.
Your spell library was empty.

Dungeon Overview and Level Annotations

Branches:
Dungeon (2/15)

Altars:
Xom

Shops:
D:1 :[[![

Portals:
Ossuary: D:4


Innate Abilities, Weirdness & Mutations

You are partially covered in razor-sharp scales. (AC +1, Slay +1)
You have a tail ending in a sharp stinger.


Message History

Your surroundings suddenly seem different.
A jelly and an orc come into view.
Found six items.
Found a stone staircase leading up.
Found a stone staircase leading up.
The orc shouts!
You hear an angry hiss.
An iguana comes into view.
Found 13 gold pieces.
You hit the orc.
The orc is moderately wounded.
The orc hits you with a +0 club.
You slash the orc!
You kill the orc!
You hit the iguana.
The iguana is lightly wounded.
The iguana bites you.
You hit the iguana. You tail-slap the iguana!
The iguana is almost dead.
The iguana barely misses you.
You slash the iguana!
You kill the iguana!
The jelly closely misses you.
You hit the jelly. The acid corrodes you!
Your hands burn!
The jelly is moderately wounded.
The jelly barely misses you.
You hit the jelly.
Your hands burn!
You tail-slap the jelly, but do no damage.
The jelly is heavily wounded.
The jelly hits you but does no damage.
You barely miss the jelly.
The jelly is heavily wounded.
The jelly hits you. The acid corrodes you!
You are splashed with acid!
* * * LOW HITPOINT WARNING * * *
You hit the jelly.
Your hands burn!
* * * LOW HITPOINT WARNING * * *
The jelly is severely wounded.
The jelly hits you.
* * * LOW HITPOINT WARNING * * *
You are splashed with acid!
You die...
Xom laughs nastily!

.............l.
........$........
.!..............#
#
............[.J.##
.
<....#.....l......
.
.........##.....#
. .<.......#
.....## .
........)##.......
# ........@J....#
.........##.......
.......... ..#####
.........##.##
.......... ..
.......... ..
.$............
............. .


You could see a jelly.

Vanquished Creatures
  An iguana (D:4)
  4 adders (D:2)
  A worm (D:2)
  A dart slug (D:1)
  An orc (D:4)
  4 ball pythons
  3 bats
  5 endoplasms
  A giant cockroach (D:1)
  2 goblins
  5 hobgoblins
  5 jackals
  3 quokkas
  2 frilled lizards (D:1)
  5 kobolds
  4 rats
47 creatures vanquished.

Notes
Turn   | Place    | Note
-------+----------+-------------------------------------------
     0 | D:1      | booth the Demonspawn Gladiator began the quest for the Orb.
     0 | D:1      | Reached XP level 1. HP: 16/16 MP: 1/1
     6 | D:1      | Found Geikiude's Book Emporium.
   255 | D:1      | Found Addos's Armour Shoppe.
   273 | D:1      | Reached skill level 3 in Axes
   273 | D:1      | Gained mutation: You are partially covered in razor-sharp
                  | scales. (AC +1, Slay +1) [demonic ancestry]
   273 | D:1      | Reached XP level 2. HP: 8/22 MP: 2/2
   572 | D:1      | Found Reosih's Distillery.
   580 | D:1      | Bought a potion of curing for 39 gold pieces
   740 | D:1      | Found Torypnunn's Antique Armour Emporium.
   931 | D:1      | Found Ywkofi Ofoj's Antique Armour Emporium.
  1069 | D:2      | Gained mutation: You have a small tail. [demonic ancestry]
  1069 | D:2      | Reached XP level 3. HP: 27/27 MP: 3/3
  1348 | D:2      | Found a faded altar of an unknown god.
  1368 | D:2      | Prayed at the altar of an unknown god.
  1368 | D:2      | Became a worshipper of Xom of Chaos
  1444 | D:2      | Reached skill level 4 in Axes
  1444 | D:2      | Gained mutation: You have a tail ending in a sharp stinger.
                  | [demonic ancestry]
  1444 | D:2      | Reached XP level 4. HP: 32/33 MP: 4/4
  1617 | D:2      | XOM: divination: detect creatures
  1743 | D:2      | You fall into a shaft and drop 2 floors!
  1743 | D:4      | Found a sand-covered staircase.
  1804 | D:4      | XOM: 1-stop teleportation journey
  1823 | D:4      | Splashed by a jelly's acid

Illustrated notes

Levels and vault maps discovered:
D:1:      dpeg_arrival_fog, layout_loops_ring, serial_shops, shop,
          nicolae_square_shop, nicolae_shop_hallway_stairs, nicolae_shop_trees,
          shop, wander_ebering_terrifying_dragon_lair
D:2:      layout_rooms, basic_ecumenical_altar
D:4:      layout_rooms, nicolae_ossuary_entry_monument, item_on_display_a

Skill      XL: |  1  2  3 |
---------------+----------+-----
Axes           | 3 4 |  4.3
Throwing       | 2 |  2.0
Dodging        | 3 |  3.0
Fighting       | |  2.4
Armour         | |  0.6
Stealth        | |  0.1

Action                   |  1- 3 |  4- 6 || total
-------------------------+-------+-------++-------
Melee: War axe           |    90 |    30 ||   120
       Tailslap          |     5 |     3 ||     8
       Punch             |     2 |       ||     2
Armor: Leather armour    |    28 |     6 ||    34
Dodge: Dodged            |    70 |    13 ||    83
